 Dungeon Crawl Stone Soup version 0.28.0 (webtiles) character file.

Game seed: 5894793192626200019

3084 Gabide the Geomancer (level 9, -13/52 HPs)
             Began as a Gargoyle Earth Elementalist on Feb 14, 2022.
             Was a Follower of Sif Muna.
             Hit by a large rock thrown by a cyclops (17 damage)
             ... on level 7 of the Dungeon.
             The game lasted 00:25:57 (8493 turns).

Gabide the Geomancer (Gargoyle Earth Elementalist)  Turns: 8493, Time: 00:25:59

Health: -13/52     AC:  9    Str: 15    XL:     9   Next: 89%
Magic:  11/20      EV: 13    Int: 15    God:    Sif Muna [*.....]
Gold:   320        SH:  0    Dex: 16    Spells: 18/22 levels left

rFire   + . .      SeeInvis .   s - +8 spear "Gabide's Bane" {vorpal, rCorr Str+2 Int-4}
rCold   + . .      Faith    .   h - orb {light}
rNeg    + . .      Spirit   .   m - +0 robe {rC+ rF+}
rPois   ∞          Reflect  .   (no helmet)
rElec   +          Harm     .   v - +0 cloak
rCorr   +          Rampage  .   (no gloves)
Will    +....                   (no boots)
Stlth   +.........              (no amulet)
HPRegen 0.17/turn               g - +6 ring of dexterity
MPRegen 0.17/turn               n - ring of willpower

@: glowing
A: sickness immunity, AC +6, negative energy resistance 1, electricity
resistance, torment resistance 1, petrification resistance
a: Renounce Religion, Channel Magic


You were on level 7 of the Dungeon.
You worshipped Sif Muna.
Sif Muna was aware of your devotion.
You visited 2 branches of the dungeon, and saw 8 of its levels.

You collected 320 gold pieces.

Inventory:

Hand Weapons
 r - a +0 whip of electrocution
 s - the +8 spear "Gabide's Bane" (weapon) {vorpal, rCorr Str+2 Int-4}
   (You found it on level 4 of the Dungeon)

   It inflicts extra damage upon your enemies.
   Str:       It affects your strength (+2).
   Int:       It affects your intelligence (-4).
   rCorr:     It protects you from acid and corrosion.
Missiles
 c - 69 stones
 o - a throwing net
Armour
 h - an orb of light (worn)
 m - a +0 robe of resistance (worn)
 v - a +0 cloak (worn)
 w - a +2 robe of willpower
Jewellery
 g - a +6 ring of dexterity (left hand)
 n - a ring of willpower (right hand)
Wands
 b - a wand of iceblast (11)
 t - a wand of acid (2)
 u - a wand of mindburst (6)
Scrolls
 e - a scroll of silence
 k - 4 scrolls of teleportation
 l - a scroll of fear
 p - 4 scrolls of brand weapon
Potions
 a - 2 potions of lignification
 d - 2 potions of curing {unknown}
 f - a potion of brilliance {unknown}
 i - a potion of heal wounds {unknown}
 j - 3 potions of magic


   Skills:
 * Level 4.4 Fighting
 + Level 2.1 Polearms
 * Level 3.8 Dodging
 - Level 2.5 Stealth
 + Level 0.9 Unarmed Combat
 * Level 7.3 Spellcasting
 * Level 4.8 Conjurations
 - Level 2.2 Transmutations
 * Level 8.9 Earth Magic


You had 18 spell levels left.
You knew the following spells:

 Your Spells              Type           Power      Damage    Failure   Level
a - Sandblast             Erth           64%        2d14      1%          1
b - Stone Arrow           Conj/Erth      52%        3d10      2%          3

Your spell library contained the following spells:

 Spells                   Type           Power      Damage    Failure   Level
 Passwall                 Tmut/Erth      18%        N/A       1%          2
 Petrify                  Tmut/Erth      22%        N/A       13%         4
 Animate Armour           Summ/Erth      36%        N/A       21%         4
 Irradiate                Conj/Tmut      8%         3d16      63%         5
 Blade Hands              Tmut           6%         N/A       82%         5
 Summon Cactus Giant      Summ           2%         N/A       100%        6
 Dragon Form              Tmut           6%         N/A       100%        7
 Spellforged Servitor     Conj/Summ      6%         N/A       100%        7


Dungeon Overview and Level Annotations

Branches:
Dungeon (7/15)             Temple (1/1) D:5

Altars:
Cheibriados
Dithmenos
Fedhas
Gozag
Hepliaklqana
Kikubaaqudgha
Makhleb
Nemelex Xobeh
Okawaru
Ru
Sif Muna
Trog
Uskayaw
Vehumet
Wu Jian
Yredelemnul
Zin
The Shining One

Shops:
D:5 ?


Innate Abilities, Weirdness & Mutations

You are immune to sickness and miasma.
Your stone body is resilient. (AC +6)
You are immune to poison.
You resist negative energy. (rN+)
You are resistant to electric shocks. (rElec)
You are resistant to unholy torment.
You are immune to petrification.


Message History

Things that are here:
a +0 whip; a curare-tipped dart
Items here: ))) †††.
You now have 320 gold pieces (gained 14).
You open the door.
There is an open door here.
A gargoyle comes into view. It is wielding a +0 mace.
The stone arrow hits the gargoyle!
The gargoyle is moderately damaged.
The stone arrow hits the gargoyle!
The gargoyle is heavily damaged.
The stone arrow hits the gargoyle.
The gargoyle is severely damaged.
The gargoyle hits you with a +0 mace!
The stone arrow hits the gargoyle!
You destroy the gargoyle!
Sif Muna accepts your kill.
HP restored.
You see here a +0 mace.
You see here a +0 mace.
A cyclops comes into view.
The cyclops shouts!
The stone arrow hits the cyclops!
The cyclops is moderately wounded.
The cyclops throws a large rock.
The large rock hits you!!!
Ouch! That really hurt!
* * * LOW HITPOINT WARNING * * *
You are too injured to fight recklessly!
Aiming: Stone Arrow (dangerous; 2% risk of failure)
Press: ? - help, Q - select action, (/) - cycle Shift-Dir - straight line, f/p - cyclops
Aim: a cyclops, quivering large rocks (moderately wounded, haloed, 98% to hit)
The stone arrow hits the cyclops!
The cyclops is heavily wounded.
Aiming: Stone Arrow (dangerous; 2% risk of failure)
Press: ? - help, Q - select action, (/) - cycle Shift-Dir - straight line, f/p - cyclops
Aim: a cyclops, quivering large rocks (heavily wounded, haloed, 98% to hit)
The stone arrow hits the cyclops!
The cyclops is severely wounded.
The cyclops throws a large rock.
The large rock hits you!
You die...

#...###.##.# .###.#
#....###.#.# # .#
#.....####.####..##
#.........8.......
#.....####.####.. #
+....## #.#.# .#
#...## #.##C###$#
#.... ##.###....#
#... ##...##.@.#
#... ..#.....#..##
#. ...........##
....#......##
....######## ###


You could see a cyclops.

Vanquished Creatures
  Pikel (D:6)
  A gargoyle (D:7)
  Sigmund (D:6)
  Eustachio (D:6)
  Menkaure (D:6)
  A water moccasin (D:5)
  2 black bears
  2 sky beasts
  A necrophage (D:6)
  An ogre (D:5)
  A centaur (D:5)
  2 kobold brigands
  A scorpion (D:5)
  A killer bee (D:4)
  A howler monkey (D:5)
  A jelly (D:6)
  4 hounds
  2 bullfrog skeletons
  6 orc priests
  A centaur skeleton (D:4)
  3 orc wizards
  A gnoll shaman (D:4)
  3 iguanas
  A hound skeleton (D:4)
  2 howler monkey skeletons (D:5)
  13 adders
  4 gnolls
  A river rat (D:6)
  An ufetubus (D:3)
  2 adder skeletons (D:4)
  8 worms
  2 dart slugs
  20 orcs
  7 bats
  14 endoplasms
  4 giant cockroaches
  6 goblins
  7 hobgoblins
  10 jackals
  19 kobolds
  A quokka (D:2)
  5 ball pythons
  7 frilled lizards
  6 rats
179 creatures vanquished.

Vanquished Creatures (others)
  A kobold (D:4)
  2 fungi (D:2)
  6 plants (D:2)
9 creatures vanquished.

Grand Total: 188 creatures vanquished

Notes
Turn   | Place    | Note
-------+----------+-------------------------------------------
     0 | D:1      | Gabide the Gargoyle Earth Elementalist began the quest for
                  | the Orb.
     0 | D:1      | Reached XP level 1. HP: 10/10 MP: 3/3
   177 | D:1      | Reached skill level 4 in Earth Magic
   177 | D:1      | Reached XP level 2. HP: 15/15 MP: 1/5
   819 | D:2      | Reached XP level 3. HP: 19/19 MP: 1/6
   909 | D:2      | Found an ancient bone altar of Kikubaaqudgha.
  1118 | D:2      | Found a faded altar of an unknown god.
  1186 | D:2      | Reached XP level 4. HP: 23/24 MP: 4/7
  1506 | D:2      | Reached skill level 5 in Earth Magic
  1749 | D:3      | Reached XP level 5. HP: 28/28 MP: 7/9
  1756 | D:3      | Learned a level 3 spell: Stone Arrow
  1961 | D:3      | Reached skill level 1 in Fighting
  2815 | D:4      | Noticed a black bear
  2840 | D:3      | Reached XP level 6. HP: 27/34 MP: 0/11
  2944 | D:3      | Killed a black bear
  3220 | D:4      | Found a snail-covered altar of Cheibriados.
  3351 | D:4      | Reached skill level 1 in Transmutations
  3354 | D:4      | Reached skill level 6 in Earth Magic
  3668 | D:4      | Reached XP level 7. HP: 40/40 MP: 7/13
  3782 | D:4      | Identified the +8 spear "Gabide's Bane" {vorpal, rCorr
                  | Str+2 Int-4}
  3865 | D:4      | Reached skill level 5 in Spellcasting
  4553 | D:5      | Entered Level 5 of the Dungeon
  4766 | D:5      | Reached XP level 8. HP: 38/45 MP: 8/15
  4987 | D:5      | Found a staircase to the Ecumenical Temple.
  4993 | D:5      | Reached skill level 7 in Earth Magic
  4998 | Temple   | Entered the Ecumenical Temple
  5214 | Temple   | Became a worshipper of Sif Muna the Loreminder
  5422 | D:5      | Found an iron altar of Okawaru.
  5531 | D:5      | Reached skill level 1 in Conjurations
  5578 | D:5      | Reached skill level 1 in Polearms
  6249 | D:5      | Got Xulux's Handbook of the Escort
  6379 | D:5      | Found Kuefoimp's Magic Scroll Shoppe.
  6496 | D:6      | Noticed Menkaure
  6499 | D:6      | Killed Menkaure
  6611 | D:6      | Noticed Pikel
  6616 | D:6      | Reached XP level 9. HP: 48/51 MP: 5/18
  6620 | D:6      | Killed Pikel
  6621 | D:6      | Reached skill level 8 in Earth Magic
  6761 | D:6      | Noticed Sigmund
  6765 | D:6      | Killed Sigmund
  6765 | D:6      | Reached * piety under Sif Muna
  7412 | D:6      | Noticed Eustachio
  7416 | D:6      | Killed Eustachio
  8387 | D:7      | Noticed a gargoyle
  8391 | D:7      | Killed a gargoyle
  8490 | D:7      | Noticed a cyclops
  8493 | D:7      | Hit by a large rock thrown by a cyclops

Illustrated notes

Levels and vault maps discovered:
D:1:      dpeg_arrival_concentric_ovals, layout_rooms, minmay_lizard_pond
D:2:      minmay_recursive_quarters, layout_rooms, basic_altar,
          dreamdust_ecumenical_altar_grove
D:3:      layout_basic, grunt_decor_fettered, minmay_misc_feat_tower
D:4:      layout_rooms, mainiacjoe_overflow_cross_hatched, enter_ossuary_2,
          nzn_random_ring
D:5:      layout_basic, mainiacjoe_overflow_brackets,
          minmay_temple_entry_proselytizer, serial_shops, kennysheep_mini_moat,
          chequers_serial_rivers_marsh, minmay_tree_intersection,
          minmay_misc_feat_ornament
D:6:      layout_loops_ring, gup_sewer_entry_bubbles, uniq_menkaure,
          uniq_sigmund, uniq_pikel, uniq_eustachio
D:7:      layout_gridville, jmf_multi_god_temple2, columned_hall_lemuel,
          chequers_serial_rivers_small_a, nicolae_shop_fire_sale
          [nicolae_sub_dead_trees], hangedman_abyss_or_decor_stagger, kb_rosetta
Temple:   nicolae_temple_elliptical

Skill      XL: |  1  2  3  4  5  6  7  8  9 |
---------------+----------------------------+-----
Earth Magic    | 4 5 6 7 8 |  8.9
Dodging        | 2 3 |  3.8
Spellcasting   | 3 4 5 6 7 |  7.3
Fighting       | 1 2 3 4 |  4.4
Transmutations | 1 2 |  2.2
Conjurations   | 2 4 |  4.8
Polearms       | 1 2 |  2.1
Stealth        | |  2.5
Unarmed Combat | |  0.9

Action                   |  1- 3 |  4- 6 |  7- 9 || total
-------------------------+-------+-------+-------++-------
Melee: Unarmed           |    14 |       |       ||    14
       Short sword       |       |     7 |       ||     7
       Spear             |       |       |    67 ||    67
 Cast: Sandblast         |    45 |    98 |    15 ||   158
       Stone Arrow       |       |     3 |   114 ||   117
  Use: Scroll            |       |       |     8 ||     8
       Potion            |       |       |     1 ||     1
Armor: Robe              |    12 |    36 |    21 ||    69
       Skin              |       |       |     7 ||     7
Dodge: Dodged            |    18 |    69 |    64 ||   151
